cohdb
Replays
Latest Replays
All Replays
Popular Replays
Top Player Replays
Match Explorer
How It Works
Community
CoH3 Stats
Reddit
Sign in to upload your games and track your stats! →
Sign in with Steam
Match 40800014
Unlisted
Match 40800014
Overview
Messages
Build Orders
End
Construct Infanterie Kompanie
Kettenkrad Recon Vehicle
MG 42 Machine Gun Team
MG 42 Machine Gun Team
Selects Terror Battlegroup
Selects Machine Gun Camouflage
Grenadier Squad
Construct Luftwaffe Kompanie
Jäger Squad
wila
LittleFatty233
Knight
深入骨髓的恨意
紫苏子
Typecheck
Eleven-jeri
ChesTerMUST
0
0
Comments
sign in to comment!
No comments posted yet!